 Dungeon Crawl Stone Soup version 0.24.1-14-gf8d2b509d9 (webtiles) character file.

Game seed: 10283523148995359084, levelgen mode: deterministic

136 Hugehornet the Magician (level 4, -4/24 HPs)
             Began as a Deep Elf Wizard on May 21, 2020.
             Slain by a worm (9 damage)
             ... on level 3 of the Dungeon.
             The game lasted 00:06:54 (3171 turns).

Hugehornet the Magician (Deep Elf Wizard)           Turns: 3171, Time: 00:06:55

Health: -4/24      AC:  3    Str:  4    XL:     4   Next: 98%
Magic:  4/13       EV: 13    Int: 24    God:
Gold:   99         SH:  0    Dex: 13    Spells: 3/13 levels left

rFire    . . .     SeeInvis .   (no weapon)
rCold    . . .     Gourm    .   (no shield)
rNeg     . . .     Faith    .   a - +0 robe
rPois    .         Spirit   .   b - +0 hat
rElec    .         Reflect  .   (no cloak)
rCorr    .         Harm     .   k - +0 pair of gloves
MR       .....                  (no boots)
Stlth    ++........             (no amulet)
HPRegen  0.08/turn              (no ring)
MPRegen  0.13/turn              (no ring)

@: very slightly contaminated
A: no striking features
a: no special abilities


You were on level 3 of the Dungeon.
You were not hungry.

You visited 1 branch of the dungeon, and saw 3 of its levels.

You collected 99 gold pieces.

Inventory:

Hand Weapons
 e - a +0 dagger
Armour
 a - a +0 robe (worn)
 b - a +0 hat (worn)
 k - a +0 pair of gloves (worn)
Jewellery
 c - an uncursed ring of protection from magic {unknown}
Wands
 i - a wand of iceblast (6)
Scrolls
 f - 4 scrolls of identify {unknown}
 g - a scroll of enchant armour {unknown}
 h - a scroll of remove curse {unknown}
Potions
 j - a potion of lignification {unknown}
Comestibles
 d - 6 rations


   Skills:
 - Level 2.4 Dodging
 - Level 2.4 Stealth
 + Level 5.2 Spellcasting
 + Level 3.5 Conjurations
 - Level 1.1 Summonings
 - Level 1.1 Translocations
 * Level 1.6 Air Magic
 * Level 2.0 Poison Magic


You had 3 spell levels left.
You knew the following spells:

 Your Spells              Type           Power        Failure   Level  Hunger
a - Magic Dart            Conj           ###.         1%          1    None
b - Blink                 Tloc           N/A          9%          2    None
c - Call Imp              Summ           ##......     9%          2    None
d - Slow                  Hex            #.......     13%         2    None
e - Mephitic Cloud        Conj/Pois/Air  ###.....     10%         3    ##.....

Your spell library contained the following spells:

 Spells                   Type           Power        Failure   Level  Hunger
 Conjure Flame            Conj/Fire      ##......     12%         3    ##.....


Dungeon Overview and Level Annotations

Branches:
Dungeon (3/15)

Altars:


Message History

Unknown command.
Casting: Magic Dart (safe; 1% risk of failure)
Confirm with . or Enter, or press ? or * to list all spells.
Aiming: Magic Dart (safe; 1% risk of failure)
Press: ? - help, Shift-Dir - straight line, f/p - worm
Aim: a worm (severely wounded)
The magic dart hits the worm.
The worm is almost dead.
The worm bites you!
* * * LOW HITPOINT WARNING * * *
The ooze hits you but does no damage.
Casting: Magic Dart (safe; 1% risk of failure)
Confirm with . or Enter, or press ? or * to list all spells.
Aiming: Magic Dart (safe; 1% risk of failure)
Press: ? - help, Shift-Dir - straight line, f/p - worm
Aim: a worm (severely wounded)
The magic dart hits the worm.
The worm is almost dead.
The worm bites you!
You die...

...)... ..........# ###
####.......... # ⌠⌠
⌠⌠⌠#........# .# #⌠
..⌠⌠⌠#........###.#
#⌠⌠##.#⌠⌠#.........##.#
#⌠.#. ..⌠#.........##.#
#⌠..⌠ #wJ#........<##.#
#⌠⌠#.##@⌠#..........#.#
#⌠⌠⌠..⌠⌠⌠#[...........#
#⌠⌠⌠..⌠⌠⌠#........##..#
####''#####......####.#
#..###.##.##### ###
#...........#
##..........#
#..........#
#..........#


You could see a worm and an ooze.

Vanquished Creatures
  Jessica (D:2)
  2 adders (D:2)
  3 oozes
  2 worms (D:2)
  4 dart slugs
  2 leopard geckos (D:2)
  4 giant cockroaches (D:1)
  7 goblins
  8 hobgoblins
  2 jackals (D:1)
  4 bats (D:2)
  3 frilled lizards
  9 kobolds
  10 rats
61 creatures vanquished.

Vanquished Creatures (collateral kills)
  An ooze (D:1)
  A goblin (D:1)
  2 jackals (D:1)
  A kobold (D:1)
5 creatures vanquished.

Grand Total: 66 creatures vanquished

Notes
Turn   | Place    | Note
-------+----------+-------------------------------------------
     0 | D:1      | Hugehornet the Deep Elf Wizard began the quest for the Orb.
     0 | D:1      | Reached XP level 1. HP: 10/10 MP: 7/7
   132 | D:1      | Reached XP level 2. HP: 15/15 MP: 1/9
   136 | D:1      | Learned a level 2 spell: Blink
   139 | D:1      | Learned a level 2 spell: Call Imp
   142 | D:1      | Learned a level 2 spell: Slow
   618 | D:1      | Reached XP level 3. HP: 13/19 MP: 1/11
   652 | D:1      | Reached skill level 5 in Spellcasting
   821 | D:1      | Learned a level 3 spell: Mephitic Cloud
  2228 | D:2      | Reached skill level 1 in Poison Magic
  2291 | D:2      | Reached XP level 4. HP: 24/24 MP: 10/13
  2386 | D:2      | Reached skill level 1 in Air Magic
  2505 | D:2      | Noticed Jessica
  2510 | D:2      | Killed Jessica
  3171 | D:3      | Slain by a worm

Levels and vault maps discovered:
D:1:      erik_arrival_gehennom, layout_loops_ring
D:2:      minmay_wonky_spiral, layout_basic, chequers_serial_rivers_small_a,
          minmay_tetromino_i4, uniq_jessica
D:3:      layout_rooms, kennysheep_generic_room_4

Skill      XL: |  1  2  3  4 |
---------------+-------------+-----
Conjurations   | 2 3 |  3.5
Spellcasting   | 5 |  5.2
Poison Magic   | 1 2 |  2.0
Air Magic      | 1 |  1.6
Dodging        | |  2.4
Stealth        | |  2.4
Summonings     | |  1.1
Translocations | |  1.1

Action                   |  1- 3 |  4- 6 || total
-------------------------+-------+-------++-------
Melee: Unarmed           |     4 |       ||     4
 Cast: Magic Dart        |    98 |    48 ||   146
       Call Imp          |     1 |       ||     1
  Eat: Chunk             |     4 |     1 ||     5
       Ration            |       |     1 ||     1
Armor: Robe              |     6 |     1 ||     7
Dodge: Dodged            |    19 |     2 ||    21
